Map: Coda LE

Players

Duke - Winner!

  • Race: Terran Terran
  • Spawn Location: 5:00

DrennoC

  • Race: Protoss Protoss
  • Spawn Location: 11:00

VOD

Have the link to the VOD?

Description

Time

  • Played on: April 3, 2015, 1:31 p.m.
  • Length: 10:44
Show
View Real Time Build Order
Export as new Build Order

Duke Terran - Winner!

Build Orders: MMM Bio 

Get SALT Encoding   

  12  0:00  SCV  
  13  0:13  SCV  
  14  0:19  Supply Depot  
  14  0:25  SCV  
  15  0:40  SCV  
  15  0:42  Barracks  
  16  0:47  Refinery  
  16  0:52  SCV  
  17  1:05  SCV  
  18  1:19  Barracks x2  
  18  1:23  SCV  
  19  1:30  Supply Depot  
  19  1:35  Marine  
  21  1:47  Orbital Command  
  21  1:53  Marine  
  21  2:11  Barracks Tech Lab  
  21  2:13  Barracks Tech Lab  
  21  2:16  Barracks Reactor  
  21  2:18  SCV  
  21  2:22  Marine  
  22  2:31  Stimpack, Marine  
  22  2:32  SCV  
  22  2:36  Supply Depot  
  24  2:40  Marine  
  25  2:47  SCV  
  25  2:50  Marauder  
  28  2:52  Marine x2  
  30  2:59  SCV  
  30  3:04  Marine  
  32  3:08  Supply Depot  
  32  3:10  Marine x2  
  32  3:11  Marauder  
  36  3:22  Marine  
  37  3:28  Marine x2  
  37  3:33  SCV, Marauder  
  42  3:45  Marine  
  42  3:46  Marine  
  44  3:51  SCV  
  44  3:54  Marauder  
  47  4:01  Command Center  
  47  4:13  Supply Depot  
  47  4:34  Marine  
  47  4:35  SCV, Marine x3  
  50  4:52  Marine x2  
  42  4:53  Marauder  
  42  5:00  Marine  
  40  5:09  Barracks, Concussive Shells  
  40  5:10  Barracks, Marine  
  41  5:14  Marauder  
  41  5:15  Orbital Command  
  41  5:17  Marine  
  41  5:18  Marine  
  41  5:19  Barracks  
  45  5:28  SCV  
  46  5:37  Marine x2  
  48  5:51  SCV, Orbital Command  
  48  5:55  Marauder, Marine  
  52  5:59  Combat Shields  
  52  6:06  Barracks Reactor, Barracks Tech Lab, Factory  
  52  6:08  SCV  
  53  6:17  Bunker  
  53  6:21  SCV x2  
  53  6:22  Marine x2  
  53  6:23  Marauder  
  58  6:34  Marine x2  
  58  6:35  Marauder  
  60  6:44  Marauder  
  57  6:53  Marine  
  57  6:54  Marine x2  
  47  6:56  Marauder  
  47  6:57  Starport  
  47  7:00  Refinery x2  
  50  7:02  Refinery  
  50  7:04  SCV x2, Supply Depot  
  50  7:05  Marauder  
  50  7:06  Marine  
  55  7:14  Marine x2  
  55  7:15  Marine  
  58  7:17  SCV, Marauder  
  58  7:20  Supply Depot  
  61  7:23  Supply Depot  
  61  7:27  Marauder, Marine  
  64  7:31  Barracks Reactor  
  64  7:32  Barracks Tech Lab  
  64  7:33  SCV x2  
  66  7:44  Marine  
  66  7:45  Starport Reactor, Marauder  
  69  7:54  Marine x2  
  69  7:55  Marauder  
  69  7:57  Factory Reactor  
  69  7:58  Medivac  
  75  8:05  Medivac  
  77  8:11  Command Center  
  77  8:14  Supply Depot  
  77  8:23  SCV x2  
  79  8:32  Medivac  
  81  8:34  Medivac  
  81  8:40  Marine  
  81  8:41  Marine x3  
  86  8:45  Marine  
  86  8:46  Widow Mine x2, Marauder x3  
  99  8:48  SCV x2  
  100  9:07  Marauder  
  102  9:22  Marine x5  
  102  9:23  Marauder x2  
  111  9:28  Marauder  
  93  9:40  Marine x2  
  93  9:44  Marauder  
  96  9:46  Marine x3  
  96  9:47  Marine  
  96  9:48  Viking x2  
  96  9:50  Marauder  
  104  10:05  Marauder  
  104  10:06  Marauder  
  107  10:11  SCV  
Show
View Real Time Build Order
Export as new Build Order

DrennoC Protoss 

Build Orders: Colossi Deathball, Zealot Disruptor 

Get SALT Encoding   

  12  0:10  Pylon  
  12  0:16  Probe  
  13  0:28  Probe  
  14  0:32  Gateway  
  14  0:40  Probe (Chrono Boost)  
  15  0:45  Assimilator  
  16  0:51  Probe (Chrono Boost)  
  16  0:53  Assimilator  
  16  0:57  Probe (Chrono Boost)  
  17  1:17  Pylon  
  17  1:18  Cybernetics Core  
  17  1:22  Zealot  
  19  1:27  Probe (Chrono Boost)  
  20  1:39  Probe (Chrono Boost)  
  21  1:46  Pylon  
  21  1:55  Mothership Core  
  21  1:56  Warp Gate (Chrono Boost)  
  23  2:13  Gateway  
  23  2:40  Sentry  
  25  2:44  Pylon  
  25  2:45  Gateway  
  25  2:47  Gateway  
  25  2:49  Probe (Chrono Boost)  
  26  3:02  Zealot  
  27  3:28  Nexus  
  27  3:36  Robotics Facility  
  27  3:51  Zealot x2  
  27  3:54  Probe  
  32  4:06  Probe, Pylon  
  33  4:12  Pylon  
  33  4:16  Sentry  
  35  4:19  Probe  
  37  4:24  Observer (Chrono Boost)  
  31  4:40  Sentry  
  31  4:43  Zealot x2  
  33  5:12  Nexus  
  33  5:13  Robotics Bay  
  33  5:25  Zealot x2  
  37  5:45  Probe  
  37  5:46  Stalker x2  
  42  6:02  Robotics Facility  
  42  6:18  Probe (Chrono Boost)  
  43  6:20  Zealot x2  
  43  6:21  Zealot  
  49  6:28  Probe (Chrono Boost)  
  49  6:30  Probe (Chrono Boost)  
  45  6:35  Probe  
  45  6:37  Zealot  
  47  6:47  Zealot x2  
  47  7:11  Nexus  
  51  7:31  Disruptor (Chrono Boost)  
  51  7:38  Colossus (Chrono Boost)  
  51  7:43  Probe (Chrono Boost)  
  58  7:53  Forge  
  58  8:07  Probe  
  59  8:20  Pylon  
  59  8:26  Pylon  
  63  8:30  Disruptor (Chrono Boost)  
  63  8:31  Zealot  
  63  8:32  Zealot x2  
  69  8:38  Pylon  
  69  8:54  Disruptor  
  69  8:57  Zealot x3  
  75  9:09  Probe (Chrono Boost)  
  77  9:15  Probe (Chrono Boost), Assimilator  
  77  9:18  Assimilator  
  77  9:19  Probe (Chrono Boost)  
  77  9:22  Probe (Chrono Boost)  
  76  9:37  Zealot  
  76  9:38  Zealot x3  
  59  10:26  Nexus  
  61  10:37  Zealot  
Tags
 
Add a new tag
Caveats
  • Supply blocks, unpowered buildings, or Contaminate may cause inaccurate times.
  • Supply counts are checked every 10 seconds.